Map: Divergence CE

Players

xBenx - Winner!

  • Race: Zerg Zerg
  • League: Gold
  • Spawn Location: 11:00

WarpigxxxL - Winner!

  • Race: Zerg Zerg
  • Spawn Location: 11:00

itsdarkcloud

  • Race: Terran Terran
  • League: Silver
  • Spawn Location: 5:00

MaNipuLaTee

  • Race: Zerg Zerg
  • League: Platinum
  • Spawn Location: 5:00

VOD

Have the link to the VOD?

Description

xBenx, WarpigxxxL vs MaNipuLaTee, itsdarkcloud

Time

  • Played on: April 11, 2024, 5:28 p.m.
  • Length: 8:45
Show
View Real Time Build Order
Export as new Build Order

xBenx Zerg - Winner!

Build Orders: Pool First 

Get SALT Encoding   

  12  0:02  Drone  
  13  0:13  Drone  
  14  0:24  Overlord  
  14  0:46  Drone  
  14  0:47  Drone x2  
  17  0:58  Extractor  
  17  0:59  Drone  
  17  1:12  Drone  
  18  1:20  Spawning Pool  
  18  1:22  Drone  
  18  1:23  Extractor  
  18  1:25  Hatchery  
  17  1:46  Drone x2  
  19  1:51  Overlord  
  20  2:08  Drone  
  20  2:20  Drone  
  21  2:24  Drone  
  21  2:26  Metabolic Boost  
  21  2:29  Queen  
  24  2:31  Extractor  
  23  2:37  Queen  
  23  2:38  Drone  
  26  2:45  Drone x2  
  26  2:48  Zergling x2, Extractor  
  28  2:55  Drone  
  29  3:05  Zergling x2  
  30  3:22  Drone x2  
  30  3:25  Lair  
  32  3:27  Baneling Nest  
  32  3:30  Zergling x6  
  34  3:44  Queen  
  36  3:51  Hatchery  
  35  4:02  Drone  
  36  4:03  Overlord  
  36  4:04  Overlord  
  36  4:14  Baneling x3  
  36  4:15  Baneling  
  35  4:21  Burrow, Overlord  
  35  4:28  Pneumatized Carapace  
  35  4:30  Centrifugal Hooks  
  35  4:40  Zergling x2  
  35  4:41  Zergling x8  
  40  4:47  Zergling x6, Overlord  
  43  4:56  Zergling x6  
  43  4:59  Drone x2  
  48  5:04  Baneling x3  
  48  5:05  Baneling  
  44  5:29  Drone x3  
  44  5:30  Drone x7  
  54  5:43  Infestation Pit  
  54  5:44  Spore Crawler  
  54  5:45  Spore Crawler  
  54  5:47  Spore Crawler  
  50  6:01  Nydus Network  
  49  6:06  Extractor  
  49  6:07  Drone x5  
  49  6:10  Drone  
  54  6:13  Overseer  
  52  6:45  Baneling x6  
  52  6:46  Baneling  
  52  6:56  Nydus Canal  
  52  7:04  Drone x3  
  52  7:08  Zergling x24  
  60  7:09  Zergling x12  
  73  7:31  Nydus Canal  
  62  7:53  Nydus Canal  
  62  7:55  Zergling x2  
  62  7:56  Zergling x22  
  73  8:06  Queen  
  73  8:07  Queen  
  72  8:16  Nydus Canal  
  68  8:33  Nydus Canal  
Show
View Real Time Build Order
Export as new Build Order

WarpigxxxL Zerg - Winner!

Build Orders: Pool First 

Get SALT Encoding   

  12  0:09  Drone x2  
  14  0:17  Overlord  
  14  0:28  Overlord  
  14  0:43  Spawning Pool  
  14  0:46  Drone  
  14  0:55  Drone x2  
  16  1:02  Extractor  
  16  1:04  Drone  
  16  1:14  Drone  
  17  1:25  Drone  
  18  1:40  Drone  
  19  1:48  Hatchery  
  19  1:50  Spine Crawler  
  17  1:55  Spore Crawler, Drone  
  17  2:01  Drone  
  18  2:12  Lair  
  18  2:16  Drone  
  18  2:21  Drone  
  20  2:29  Drone  
  21  2:40  Extractor, Drone  
  21  2:51  Drone  
  22  3:13  Infestation Pit  
  22  3:16  Drone x3  
  22  3:17  Drone  
  25  3:33  Drone x3  
  29  3:34  Drone  
  29  3:35  Nydus Network  
  28  3:52  Hive  
  28  3:56  Drone x2  
  28  3:57  Drone  
  28  3:59  Drone  
  32  4:11  Evolution Chamber  
  32  4:12  Overlord  
  32  4:13  Evolution Chamber  
  30  4:20  Hatchery  
  30  4:23  Nydus Canal  
  29  4:27  Zergling x8  
  33  4:44  Drone x3  
  34  5:00  Zergling x4  
  34  5:01  Zergling x4  
  38  5:08  Zerg Melee Weapons Level 1  
  38  5:09  Ultralisk Cavern  
  37  5:27  Drone x4  
  41  5:30  Drone  
  42  5:36  Extractor  
  42  5:42  Extractor, Drone x2  
  43  5:43  Drone x2  
  43  5:44  Queen  
  46  5:50  Zerg Ground Armor Level 1  
  46  5:58  Overlord x3  
  46  5:59  Overlord  
  46  6:09  Drone x3  
  49  6:15  Drone  
  49  6:16  Drone  
  49  6:17  Drone  
  52  6:21  Chitinous Plating  
  52  6:44  Extractor, Drone x4  
  52  6:45  Extractor, Drone x2  
  56  6:50  Ultralisk  
  56  6:53  Nydus Canal  
  62  6:57  Drone x3  
  65  7:08  Nydus Canal  
  65  7:20  Ultralisk  
  65  7:21  Zergling x18  
  74  7:40  Anabolic Synthesis  
  74  7:41  Nydus Canal  
  74  7:47  Ultralisk  
  74  7:49  Overlord x6  
  76  8:19  Zergling x2  
  76  8:20  Zergling x14  
Show
View Real Time Build Order
Export as new Build Order

itsdarkcloud Terran 

Build Orders:  

Get SALT Encoding   

  12  0:00  SCV  
  13  0:13  SCV  
  14  0:17  Supply Depot  
  14  0:25  SCV  
  15  0:30  Refinery  
  15  0:40  SCV  
  16  0:48  Supply Depot  
  16  1:03  Barracks  
  16  1:19  SCV  
  17  1:31  SCV  
  17  1:32  Supply Depot  
  18  1:51  Marine  
  19  1:55  Refinery  
  19  2:00  Barracks  
  19  2:09  Marine  
  21  2:58  Barracks Reactor  
  20  3:02  Engineering Bay, Barracks Reactor  
  20  3:03  Orbital Command  
  20  3:14  Bunker  
  20  3:34  Marine x2  
  20  3:38  Marine x2  
  24  3:46  Terran Infantry Weapons Level 1  
  24  3:47  Factory  
  24  3:52  Marine x2  
  26  3:56  Marine x2  
  28  4:10  Marine x2  
  28  4:14  Marine x2  
  32  4:24  Barracks  
  32  4:33  Supply Depot  
  32  4:55  Supply Depot  
  32  5:31  Barracks Tech Lab  
  32  5:33  Bunker  
  32  5:37  Marine x4  
  36  5:46  Supply Depot  
  36  5:47  SCV  
  37  5:52  Terran Infantry Armor Level 1  
  37  5:53  Command Center  
  37  5:55  Marine x3, Factory Tech Lab  
  40  6:09  Supply Depot  
  23  6:51  Marine x4  
  23  6:52  Marine  
  28  7:01  Combat Shield  
  28  7:07  Orbital Command  
  28  7:09  Marine x3  
  28  7:10  Marauder  
  33  7:32  Marauder  
  34  7:53  Marauder  
Show
View Real Time Build Order
Export as new Build Order

MaNipuLaTee Zerg 

Build Orders: Hatch First 

Get SALT Encoding   

  12  0:07  Drone  
  12  0:08  Drone  
  14  0:16  Overlord  
  14  0:35  Drone  
  15  0:42  Drone x2  
  17  0:46  Extractor  
  16  0:52  Drone  
  17  1:03  Hatchery  
  16  1:17  Drone x2  
  18  1:20  Spawning Pool  
  17  1:32  Drone  
  18  1:39  Drone  
  19  1:55  Overlord  
  19  1:56  Drone  
  20  2:08  Metabolic Boost  
  20  2:09  Queen  
  20  2:13  Zergling x2  
  23  2:17  Queen  
  25  2:24  Zergling x4  
  25  2:28  Drone x2  
  29  2:38  Drone  
  29  2:42  Roach Warren  
  29  2:48  Drone  
  29  2:49  Drone x2  
  32  3:08  Overlord  
  32  3:13  Drone  
  32  3:14  Drone x2  
  35  3:20  Drone  
  35  3:22  Overlord, Extractor  
  35  3:28  Drone x3  
  35  3:34  Drone x2  
  40  3:35  Drone  
  40  3:39  Overlord  
  41  3:45  Drone  
  42  3:54  Roach x3  
  48  4:03  Hatchery  
  47  4:14  Drone x4  
  51  4:17  Roach x2  
  51  4:22  Overlord  
  59  4:24  Roach x2  
  59  4:26  Zergling x2  
  60  4:44  Roach x4  
  66  5:01  Lair  
  66  5:11  Queen  
  66  5:14  Overlord x3  
  68  5:19  Extractor  
  68  5:20  Extractor  
  66  5:27  Extractor  
  65  5:29  Extractor  
  65  5:32  Overlord x2  
  64  5:37  Drone x9  
  64  5:38  Drone  
  74  6:03  Roach x9  
  74  6:04  Roach  
  94  6:10  Overlord x2  
  94  6:11  Spire  
  93  6:39  Drone  
  94  6:40  Drone x8  
  94  6:44  Overlord  
  94  6:46  Drone x4  
  105  7:02  Roach  
  105  7:04  Overlord  
  105  7:06  Roach x6  
  105  7:58  Queen x2  
  104  7:59  Queen  
  104  8:00  Mutalisk  
  104  8:01  Mutalisk x10  
  117  8:09  Drone  
Tags
 
Add a new tag
Caveats
  • Supply blocks, unpowered buildings, or Contaminate may cause inaccurate times.
  • Supply counts are checked every 10 seconds.